 Dungeon Crawl Stone Soup version 0.28-a0-819-g6ef7baa362 (webtiles) character file.

Game seed: 13287980999662059059

10 ytrimaz the Skirmisher (level 2, 24/24 HPs)
             Began as a Demonspawn Berserker on Nov 8, 2021.
             Was a Follower of Trog.
             Quit the game on level 1 of the Dungeon.
             The game lasted 00:00:23 (857 turns).

ytrimaz the Skirmisher (Demonspawn Berserker)        Turns: 857, Time: 00:00:24

Health: 24/24      AC:  2    Str: 17    XL:     2   Next: 10%
Magic:  2/2        EV: 12    Int:  8    God:    Trog [*.....]
Gold:   46         SH:  0    Dex: 12    Spells: 1/1 levels left

rFire   . . .      SeeInvis .   a - +0 hand axe
rCold   . . .      Faith    .   (no shield)
rNeg    . . .      Spirit   .   b - +0 animal skin
rPois   .          Reflect  .   (no helmet)
rElec   .          Harm     .   (no cloak)
rCorr   .          Rampage  .   (no gloves)
Will    .....                   (no boots)
Stlth   +.........              (no amulet)
HPRegen 0.08/turn               (no ring)
MPRegen 0.08/turn               (no ring)

@: no status effects
A: spiny 1
a: Renounce Religion, Berserk


You were on level 1 of the Dungeon.
You worshipped Trog.
Trog was aware of your devotion.
You visited 1 branch of the dungeon, and saw 1 of its levels.

You collected 46 gold pieces.

Inventory:

Hand Weapons
 a - a +0 hand axe (weapon)
Armour
 b - a +0 animal skin (worn)
Scrolls
 c - a scroll of blinking {unknown}
Potions
 d - 2 potions of degeneration {unknown}


   Skills:
 + Level 3.1 Fighting
 + Level 3.0 Axes
 * Level 1.8 Armour
 * Level 1.9 Dodging


You had one spell level left.
You didn't know any spells.
Your spell library was empty.

Dungeon Overview and Level Annotations

Branches:
Dungeon (1/15)

Altars:

Shops:
D:1 :


Innate Abilities, Weirdness & Mutations

You are partially covered in sharp spines.


Message History

A quokka is nearby!
Found a fuming inky potion.
A goblin comes into view. It is wielding a +0 dagger.
The goblin shouts!
The quokka completely misses you.
You hit the quokka.
The quokka is severely wounded.
The quokka misses you.
You hit the quokka but do no damage.
The quokka is severely wounded.
The quokka closely misses you. The quokka bites you.
You hit the quokka but do no damage.
The quokka is heavily wounded.
The quokka bites you but does no damage.
You hit the quokka.
The quokka is almost dead.
You closely miss the goblin.
The quokka twitches its whiskers.
The quokka barely misses you. The goblin hits you with a +0 dagger.
You hit the quokka.
You kill the quokka!
Trog accepts your kill.
You hit the goblin. The goblin barely misses you.
You have reached level 2!
Your demonic ancestry asserts itself...
Sharp spines emerge from parts of your body.
A goblin is nearby!
You hit the goblin.
You kill the goblin!
Trog accepts your kill.
No target in view!
No target in view!
No target in view!
d - 2 fuming inky potions (gained 1)
You now have 29 gold pieces (gained 3).
Found a hunting sling.
You now have 46 gold pieces (gained 17).
Found a stone staircase leading down.
Found 24 arrows.
Are you sure you want to abandon this character and quit the game? (Confirm with "yes".)

.).#.##....#.#.####....#
...#.##....#.#.........#
.....##....#.....##.#.#######.
...#############)##.#.........
...# #..#.##.########## ...###
####..#.##.##### .......
..............># .......
......#.######## ####### ##.#.
#@# #....# .......## .......
.(..... #...... #......
#$.....


There were no monsters in sight!

Vanquished Creatures
  A ball python (D:1)
  An endoplasm (D:1)
  2 goblins (D:1)
  2 hobgoblins (D:1)
  A quokka (D:1)
  A frilled lizard (D:1)
8 creatures vanquished.

Notes
Turn   | Place    | Note
-------+----------+-------------------------------------------
     0 | D:1      | ytrimaz the Demonspawn Berserker began the quest for the
                  | Orb.
     0 | D:1      | Reached XP level 1. HP: 18/18 MP: 1/1
   596 | D:1      | Found a faded altar of an unknown god.
   613 | D:1      | Found Dacwu's Book Boutique.
   776 | D:1      | Gained mutation: You are partially covered in sharp spines.
                  | [demonic ancestry]
   776 | D:1      | Reached XP level 2. HP: 21/24 MP: 2/2
   857 | D:1      | Quit the game

Illustrated notes

Levels and vault maps discovered:
D:1:      eino_arrival_water_cross, layout_basic,
          ebering_ecumenical_altar_ruins, serial_shops, shop

Skill      XL: |  1 |
---------------+----+-----
Axes           | 3 |  3.0
Fighting       | |  3.1
Armour         | |  1.8
Dodging        | |  1.9

Action                   || total
-------------------------++-------
Melee: Hand axe          ||    27
Armor: Animal skin       ||     1
Dodge: Dodged            ||    14

Table legend: (Time is in decaauts)
 A = Elapsed time spent in this place.
 B = Non-inter-level travel time spent in this place.
 C = Inter-level travel time spent in this place.
 D = Time resting spent in this place.
 E = Time spent auto-exploring this place.
 F = Levels seen in this place.
 G = Mean time per level.
                   A        B        C        D        E       F      G
               +--------+--------+--------+--------+--------+-----+--------+
         Total |    861 |    861 |      0 |      0 |    792 |   1 |  861.0 |
       Dungeon |    861 |    861 |      0 |      0 |    792 |   1 |  861.0 |
               +--------+--------+--------+--------+--------+-----+--------+

Top non-repeatable levels by time:
     D:1: 861 daAuts
